 Dungeon Crawl Stone Soup version 0.19-GnollCrawlA-1-g03664ee (webtiles) character file.

188 bananaken the Skirmisher (level 1, -3/19 HPs)
             Began as a Centaur Chaos Knight on Feb 9, 2017.
             Slain by a gnoll
             ... wielding a cursed -3 spear
              (5 damage)
             ... on level 2 of the Dungeon.
             The game lasted 00:06:23 (1826 turns).

bananaken the Skirmisher (Centaur Chaos Knight)     Turns: 1826, Time: 00:06:24

Health: -3/19      AC:  6    Str: 14    XL:     1   Next: 0%
Magic:  1/1        EV:  9    Int: 11    God:    Xom [......]
Gold:   80         SH:  0    Dex:  8    Spells: 0 memorised, 0 levels left

rFire  . . .     SeeInvis .     a - +0 spear (chaos)
rCold  . . .     Gourm    .     b - +2 leather armour
rNeg   . . .     Faith    .     (no shield)
rPois  .         Spirit   .     (no helmet)
rElec  .         Dismiss  .     (no cloak)
rCorr  .         Reflect  .     (no gloves)
SustAt .         Harm     .     (no barding)
MR     .....                    (no amulet)
Stlth  ..........               (no ring)
                                (no ring)

@: very quick
A: hooves 3, deformed body, speed 2, tough skin 3
a: Renounce Religion


You were on level 2 of the Dungeon.
You worshipped Xom.
You were a very special plaything of Xom.
You were not hungry.

You visited 1 branch of the dungeon, and saw 2 of its levels.

You collected 80 gold pieces.

Inventory:

Hand Weapons
 a - a +0 spear of chaos (weapon)
 e - a +0 spear
Armour
 b - a +2 leather armour (worn)
Scrolls
 d - 2 scrolls of remove curse {unknown}
 h - a scroll of holy word {unknown}
 i - a scroll of teleportation {unknown}
 j - a scroll of blinking {unknown}
 k - a scroll of enchant armour {unknown}
 m - a scroll of identify {unknown}
Potions
 l - a potion of ambrosia {unknown}
Comestibles
 c - a bread ration
 f - a slice of pizza
 g - a meat ration


   Skills:
 + Level 3.0 Fighting
 + Level 2.6 Polearms
 + Level 1.3 Armour
 + Level 0.6 Dodging


You couldn't memorise any spells.
You didn't know any spells.

Dungeon Overview and Level Annotations

Branches:
Dungeon (2/15)
 Temple: D:1-2

Altars:


Innate Abilities, Weirdness & Mutations

You have hooves in place of feet.
Armour fits poorly on your strangely shaped body.
You cover ground very quickly.
You have extremely tough skin. (AC +3)


Message History

You kick the gnoll.
The gnoll is lightly wounded.
The gnoll hits you with an enchanted flail.
You hit the gnoll. You kick the gnoll.
The gnoll is heavily wounded.
Your hands stop glowing.
The gnoll hits you with an enchanted flail!
The gnoll hits you with an enchanted flail.
* * * LOW HITPOINT WARNING * * *
Okay, then.
Okay, then.
You see here a gnoll corpse. "Boo!"
You hear a shout! x4
You see here a leather armour.
A gnoll comes into view. It is wielding a spear.
The gnoll shouts!
The gnoll hits you from afar with a spear.
You die...
Xom titters!

................#######
#.
#.......##..#.........#
..
####....##.####..#####
##.. ....#.##.# #..#
##...
###.......####..###.
##...#
##.#..##......##..
##...##
#.....#.####.##.#
##...## ........ #.##.#
#...## .# #@##.# ##...#
#g.#.# #..)##
#...g#.#.# ##...#
##...#.[.## #...##
##..##...# #...# ###
#.#.# #...# #.#.# ##.##
#.#.# #..# ..#.###†##


You could see 2 gnolls.

Vanquished Creatures
  17 gnolls
17 creatures vanquished.

Vanquished Creatures (collateral kills)
  A jelly (D:1)
1 creature vanquished.

Grand Total: 18 creatures vanquished

Notes
Turn   | Place    | Note
-------+----------+-------------------------------------------
     0 | D:1      | bananaken the Centaur Chaos Knight began the quest for the Orb.
     0 | D:1      | Reached XP level 1. HP: 19/19 MP: 1/1
     6 | D:1      | XOM: potion effect (haste)
    38 | D:1      | XOM: potion effect (haste)
    97 | D:1      | XOM: harmless Air miscast
   264 | D:1      | XOM: silly message
   557 | D:1      | XOM: god gift: scroll labeled KOEDAEKUERR {god gift}
   558 | D:1      | XOM: harmless Conj miscast
   627 | D:1      | XOM: enchant monster (good)
   635 | D:1      | Noticed a jelly
   635 | D:1      | a gnoll changed into a jelly
   638 | D:1      | XOM: summons 1 friendly demon
   641 | D:1      | Killed a jelly
   648 | D:1      | XOM: 1-stop teleportation journey
   727 | D:1      | XOM: divination: magic mapping
  1461 | D:1      | XOM: noise
  1509 | D:1      | XOM: confusion (+ monsters)
  1554 | D:1      | XOM: cast spell 'Summon Butterflies'
  1555 | D:1      | XOM: summons 1 friendly demon
  1677 | D:2      | XOM: god gift: 18 gold pieces
  1793 | D:2      | XOM: cast spell 'Confusing Touch'
  1803 | D:2      | XOM: harmless Erth miscast
  1818 | D:2      | XOM: noise
  1826 | D:2      | Slain by a gnoll

Action                   || total
-------------------------++-------
Melee: Spear             ||   110
       Kick              ||     6
  Use: Potion            ||     1
 Stab: Paralysed         ||     8
       Petrified         ||     5
Armor: Leather armour    ||     1
Dodge: Dodged            ||    12
